 Dungeon Sprint DCSS version 0.30.1-9-gdf580d7c3d (webtiles) character file.

Game seed: 17651843959049557280

4085 Heoruswealwe the Impaler (level 10, -8/104 HPs)
             Began as a Minotaur Fighter on Sept 29, 2023.
             Was an Initiate of Gozag.
             Mangled by a 13-headed hydra (13 damage)
             ... in the Dungeon (Sprint IX: "|||||||||||||||||||||||||||||").
             The game lasted 00:04:26 (351 turns).

Heoruswealwe the Impaler (Minotaur Fighter)          Turns: 351, Time: 00:04:27

Health: -8/104     AC: 16    Str: 25    XL:     10   Next: 5%
Magic:  9/9        EV: 10    Int:  5    God:    Gozag
Gold:   1161       SH:  4    Dex: 10    Spells: 9/9 levels left

rFire   . . .        a - +8 autumn katana {manifold assault}
rCold   . . .        d - +0 buckler
rNeg    . . .        c - +1 scale mail
rPois   .            (helmet restricted)
rElec   .            h - +0 cloak
rCorr   .            (no gloves)
SInv    .            e - +0 pair of boots
Will    .....        (no amulet) Stlth
                     k - +2 ring of protection
HPRegen 0.37/turn    (no ring)
MPRegen 0.11/turn

%: no teleportation
@: no status effects
A: horns 2, retaliatory headbutt
a: Renounce Religion, Potion Petition, Call Merchant, Bribe Branch


You were in the Dungeon.
You worshipped Gozag.
Gozag was most pleased with you.
You visited 1 branch You collected 1161 gold pieces.

Inventory:

Hand Weapons
 a - the +8 autumn katana (weapon) {manifold assault}
   (You found it in the Dungeon)
 l - a +2 halberd of venom
 o - a +0 trident
Armour
 c - a +1 scale mail (worn)
 d - a +0 buckler (worn)
 e - a +0 pair of boots (worn)
 h - a +0 cloak (worn)
Jewellery
 k - a +2 ring of protection (left hand)
Wands
 m - a wand of iceblast (10)
Scrolls
 j - 2 scrolls of blinking
 q - 6 scrolls of enchant weapon
 r - a scroll of fear
 s - a scroll of fog
Potions
 b - a potion of might
 f - 6 potions of heal wounds
 g - a potion of haste
 i - 3 potions of berserk rage
 n - 6 potions of curing
 p - 3 potions of brilliance


   Skills:
 + Level 14.5 Fighting
 + Level 12.3 Long Blades
 + Level 15.7 Polearms
 + Level 14.5 Armour
 - Level 3.6 Shields


You had 9 spell levels left.
You didn't know any spells.
Your spell library was empty.

Dungeon Overview and Level Annotations

Branches:
Dungeon (1/1)

Altars:
Cheibriados
Dithmenos
Elyvilon
Fedhas
Gozag
Hepliaklqana
Kikubaaqudgha
Makhleb
Nemelex Xobeh
Okawaru
Qazlal
Ru
Sif Muna
Trog
Uskayaw
Vehumet
Wu Jian
Xom
Yredelemnul
Zin
The Shining One
Jiyva
Lugonu


Innate Abilities, Weirdness & Mutations

You have a pair of horns on your head.
You reflexively headbutt those who attack you in melee.


Message History

The ten-headed hydra bites you.
* * * LOW HITPOINT WARNING * * *
The ten-headed hydra bites you.
* * * LOW HITPOINT WARNING * * *
The ten-headed hydra bites you.
* * * LOW HITPOINT WARNING * * *
The ten-headed hydra bites you.
* * * LOW HITPOINT WARNING * * *
You lop one of the ten-headed hydra's heads off!
The nine-headed hydra grows two more!
You hit the 11-headed hydra.
The 11-headed hydra is almost dead.
You chop one of the 11-headed hydra's heads off!
The ten-headed hydra grows two more!
You slice the 12-headed hydra!!
The 12-headed hydra is almost dead.
The 12-headed hydra bites you.
* * * LOW HITPOINT WARNING * * *
The 12-headed hydra closely misses you. x2
The 12-headed hydra bites you but does no damage.
You block the 12-headed hydra's attack. The 12-headed hydra bites you.
* * * LOW HITPOINT WARNING * * *
The 12-headed hydra misses you. The 12-headed hydra bites you.
* * * LOW HITPOINT WARNING * * *
The 12-headed hydra barely misses you. You block the 12-headed hydra's attack.
The 12-headed hydra bites you.
* * * LOW HITPOINT WARNING * * *
The 12-headed hydra bites you but does no damage.
You lop one of the 12-headed hydra's heads off!
The 11-headed hydra grows two more!
You hit the 13-headed hydra.
The 13-headed hydra is almost dead.
The water moccasin is no longer distracted by gold.
The bullfrog is no longer distracted by gold.
You barely miss the 13-headed hydra.
The 13-headed hydra is almost dead.
The 13-headed hydra bites you but does no damage.
The 13-headed hydra bites you.
* * * LOW HITPOINT WARNING * * *
The 13-headed hydra bites you but does no damage.
The 13-headed hydra bites you!
You die...
Your body crumbles into a pile of gold.

▓_▓.▓ $
▓_▓.▓+▓
$
▓_▓.▓.▓
$
▓_▓.▓.▓
$
▓_▓.▓.▓
$
▓_▓.▓S▓
▓_▓.▓F▓
$
▓_▓.▓D▓
$
▓_▓.▓@▓
$
▓_▓.▓$▓
$
▓_▓.▓.▓
$
▓_▓.▓$▓
$
▓_▓.▓.▓
$
▓_▓.▓.▓
$
▓_▓.▓.▓
$
▓_▓.▓.▓
$
▓'▓.▓.▓
$


You could see a 13-headed hydra, a water moccasin and a bullfrog.

Vanquished Creatures
  A centaur warrior (D)
  A two-headed ogre (D)
  An ugly thing (D)
  2 cane toads (D)
  An unseen horror (D)
  A kobold demonologist (D)
  A komodo dragon (D)
  A troll (D)
  3 yaks (D)
  A wyvern (D)
  A basilisk (shapeshifter) (D)
  A water moccasin (D)
  A wolf (D)
  A centaur (D)
  A bullfrog (D)
  A scorpion (D)
  2 howler monkeys (D)
  An iguana (D)
  A shadow imp (D)
  An endoplasm (D)
  A giant cockroach (D)
  A hobgoblin (D)
  A bat (D)
  A rat (D)
28 creatures vanquished.

Notes
Turn   | Place    | Note
-------+----------+-------------------------------------------
     0 | D        | Heoruswealwe the Minotaur Fighter began the quest for the
                  | Orb.
     0 | D        | Reached XP level 1. HP: 19/19 MP: 0/0
     6 | D        | Reached skill level 3 in Polearms
    17 | D        | Noticed a scorpion
    17 | D        | Noticed a centaur
    17 | D        | Noticed a howler monkey
    17 | D        | Noticed an iguana
    28 | D        | Killed an iguana
    29 | D        | Reached skill level 5 in Fighting
    29 | D        | Reached skill level 5 in Polearms
    29 | D        | Reached skill level 5 in Armour
    29 | D        | Reached XP level 2. HP: 28/29 MP: 1/1
    29 | D        | Reached XP level 3. HP: 34/36 MP: 2/2
    35 | D        | Reached skill level 6 in Polearms
    40 | D        | Reached skill level 7 in Polearms
    40 | D        | Reached XP level 4. HP: 40/44 MP: 3/3
    48 | D        | Killed a centaur
    49 | D        | Reached skill level 9 in Polearms
    49 | D        | Reached XP level 5. HP: 44/52 MP: 4/4
    52 | D        | Reached skill level 10 in Polearms
    59 | D        | Found a snail-covered altar of Cheibriados.
    59 | D        | Found a shadowy altar of Dithmenos.
    59 | D        | Found a white marble altar of Elyvilon.
    59 | D        | Found a blossoming altar of Fedhas.
    59 | D        | Found an opulent altar of Gozag.
    60 | D        | Found a hazy altar of Hepliaklqana.
    61 | D        | Found a viscous altar of Jiyva.
    62 | D        | Found an ancient bone altar of Kikubaaqudgha.
    63 | D        | Found a corrupted altar of Lugonu.
    64 | D        | Found a burning altar of Makhleb.
    65 | D        | Found a sparkling altar of Nemelex Xobeh.
    66 | D        | Found an iron altar of Okawaru.
    67 | D        | Became a worshipper of Gozag Ym Sagoz the Greedy
    68 | D        | Found a stormy altar of Qazlal.
    69 | D        | Found a sacrificial altar of Ru.
    70 | D        | Found a shimmering blue altar of Sif Muna.
    71 | D        | Found a bloodstained altar of Trog.
    72 | D        | Found a hide-covered altar of Uskayaw.
    73 | D        | Found a radiant altar of Vehumet.
    74 | D        | Found an ornate altar of the Wu Jian Council.
    75 | D        | Found a shimmering altar of Xom.
    76 | D        | Found a basalt altar of Yredelemnul.
    77 | D        | Found a glowing silver altar of Zin.
    78 | D        | Found a glowing golden altar of the Shining One.
    86 | D        | Found the +8 autumn katana {manifold assault}
   143 | D        | Noticed a yak
   143 | D        | Noticed a troll
   143 | D        | Noticed a yak
   143 | D        | Noticed a wyvern
   143 | D        | Noticed a yak
   143 | D        | Noticed a two-headed ogre
   149 | D        | Killed a two-headed ogre
   150 | D        | Reached skill level 10 in Fighting
   150 | D        | Reached skill level 12 in Polearms
   150 | D        | Reached skill level 10 in Armour
   150 | D        | Reached XP level 6. HP: 36/67 MP: 5/5
   150 | D        | Reached XP level 7. HP: 40/73 MP: 6/6
   153 | D        | Killed a yak
   154 | D        | Killed a yak
   155 | D        | Reached XP level 8. HP: 40/82 MP: 7/7
   156 | D        | Reached skill level 13 in Polearms
   159 | D        | Killed a troll
   169 | D        | Noticed a cyan ugly thing
   169 | D        | Noticed a centaur warrior
   169 | D        | Noticed a kobold demonologist
   172 | D        | Killed a kobold demonologist
   174 | D        | Killed an unseen horror
   175 | D        | Reached skill level 14 in Polearms
   182 | D        | Killed a centaur warrior
   183 | D        | Reached skill level 10 in Long Blades
   183 | D        | Reached XP level 9. HP: 36/93 MP: 8/8
   194 | D        | Killed a cyan ugly thing
   200 | D        | Reached skill level 15 in Polearms
   324 | D        | Noticed a cane toad
   324 | D        | Noticed a komodo dragon
   324 | D        | Noticed a cane toad
   330 | D        | Killed a cane toad
   332 | D        | Killed a komodo dragon
   334 | D        | Noticed a five-headed hydra
   340 | D        | Killed a cane toad
   341 | D        | Reached XP level 10. HP: 67/104 MP: 9/9
   351 | D        | HP: 5/104 [13-headed hydra (2)]
   351 | D        | Mangled by a 13-headed hydra

Illustrated notes

Levels and vault maps discovered:
D:        linesprint [early_d, line_temple, items_1, d_10, items_2, lair_1,
          lair_end, items_3, orc_1, orc_end, items_4, d_15, swamp_1, shoals_1,
          snake_1, spider_1, d_20, vaults_1, items_5, swamp_end, shoals_end,
          snake_end, spider_end, vaults_end, d_27, items_6, zot_1, zot_end,
          crypt_end, forest_end, elf_end, slime_end, tomb_end, abyss_end,
          pan_hell_end]

Skill      XL: |  1  2  3  4  5  6  7  8  9 |
---------------+----------------------------+-----
Polearms       | 5 7 9 12 14 15 | 15.7
Fighting       | 5 6 7 10 11 13 14 | 14.5
Armour         | 5 6 7 10 11 13 14 | 14.5
Long Blades    | 7 10 12 | 12.3
Shields        | |  3.6

Action                     |  1- 3 |  4- 6 |  7- 9 | 10-12 || total
---------------------------+-------+-------+-------+-------++-------
  Melee: Trident           |    28 |    11 |       |       ||    39
         Headbutt          |       |     5 |     7 |     1 ||    13
         Katana            |       |     5 |    70 |     9 ||    84
    Use: Potion            |       |     1 |       |       ||     1
 Armour: Scale mail        |     7 |    13 |    16 |    13 ||    49
  Dodge: Dodged            |    11 |     5 |     9 |    10 ||    35
  Block: Buckler           |     6 |     6 |     3 |     4 ||    19
